 Dungeon Crawl Stone Soup version 0.20.1-1-g8b1a95d (webtiles) character file.

352 Inarius the Chiller (level 6, -6/48 HPs)
             Began as a Demigod Ice Elementalist on Dec 30, 2017.
             Mangled by a river rat (7 damage)
             ... in a sewer on Dec 31, 2017.
             The game lasted 00:16:54 (4476 turns).

Inarius the Chiller (Demigod Ice Elementalist)      Turns: 4476, Time: 00:16:55

Health: -6/48      AC:  5    Str: 11    XL:     6   Next: 12%
Magic:  14/14      EV:  9    Int: 23    God:
Gold:   114        SH:  0    Dex: 16    Spells: 4/11 levels left

rFire    . . .     SeeInvis +   d - +0 short sword
rCold    . . .     Gourm    +   (no shield)
rNeg     . . .     Faith    .   f - +0 leather armour
rPois    .         Spirit   .   e - +1 hat
rElec    .         Reflect  .   l - +0 cloak
rCorr    .         Harm     .   (no gloves)
MR       .....                  (no boots)
Stlth    +.........             r - amulet of the gourmand
Regen    0.2/turn               a - ring of see invisible
MPRegen  0.2/turn               (no ring)

@: about to teleport, very slightly contaminated, constricted, very slow
A: high mp 1
a: no special abilities


You were in a sewer.
You were very full.

You visited 1 branch of the dungeon, and saw 4 of its levels.
You also visited: Sewer.

You collected 114 gold pieces.

Inventory:

Hand Weapons
 d - a +0 short sword (weapon)
Armour
 e - a +1 hat (worn)
 f - a +0 leather armour (worn)
 j - a +0 ring mail
 l - a +0 cloak (worn)
Jewellery
 a - a ring of see invisible (left hand)
 r - an amulet of the gourmand (around neck)
Scrolls
 g - 2 scrolls of amnesia
 m - a scroll of teleportation
 o - a scroll of remove curse
 t - a scroll of blinking {unknown}
 u - 2 scrolls of fear {unknown}
 v - a scroll of magic mapping
Potions
 k - a potion of invisibility
 p - a potion of heal wounds {unknown}
 q - a potion of magic
 s - a potion of ambrosia {unknown}
 w - a potion of might {unknown}
Books
 b - a book of Frost

   Spells                             Type                      Level
   a - Freeze                         Ice                          1
   b - Throw Frost                    Conjuration/Ice              2
   c - Ozocubu's Armour               Charms/Ice                   3
   d - Throw Icicle                   Conjuration/Ice              4
   e - Summon Ice Beast               Ice/Summoning                4
Comestibles
 c - 6 bread rations
 n - 2 fruits


   Skills:
 * Level 2.0 Fighting
 * Level 2.1 Armour
 + Level 2.1 Dodging
 - Level 1.7 Stealth
 + Level 3.3 Spellcasting
 * Level 1.6 Conjurations
 + Level 4.1 Ice Magic


You had 4 spell levels left.
You knew the following spells:

 Your Spells              Type           Power        Failure   Level  Hunger
a - Freeze                Ice            ###.         2%          1    None
b - Throw Frost           Conj/Ice       ###...       7%          2    ##.....
c - Throw Icicle          Conj/Ice       ###.....     41%         4    ####...


Dungeon Overview and Level Annotations

Branches:
Dungeon (4/15)
 Temple: D:4-7

Annotations:
D:4 Sigmund


Innate Abilities, Weirdness & Mutations

You have an increased reservoir of magic. (+10% MP)


Message History

* * * LOW HITPOINT WARNING * * *
The bullfrog misses you. The bullfrog closely misses you. x2
The river rat bites you.
* * * LOW HITPOINT WARNING * * *
You feel better. The bullfrog hits you!
* * * LOW HITPOINT WARNING * * *
The bullfrog hits you.
* * * LOW HITPOINT WARNING * * *
The river rat bites you.
* * * LOW HITPOINT WARNING * * *
The ball python closely misses you. The ball python grabs you.
* * * LOW HITPOINT WARNING * * *
The ball python constricts you. The bullfrog hits you.
* * * LOW HITPOINT WARNING * * *
The bullfrog closely misses you.
It was a potion of magic.
Magic courses through your body. The bullfrog hits you.
* * * LOW HITPOINT WARNING * * *
The bullfrog barely misses you. The river rat bites you!
You die...

#......##..###.....
##≈≈≈≈.##..# ##.≈.≈
#≈≈≈≈≈≈##### #≈≈≈≈≈
#≈≈≈≈≈≈# #≈≈≈≈≈
#≈≈≈≈≈≈# #≈≈≈≈≈
#≈≈≈≈≈≈# #≈≈≈≈≈
#≈≈S≈≈≈# #≈≈≈≈≈
#≈#SS≈≈# #≈..≈≈
#≈@#≈≈≈# #≈..!≈
#rFF≈≈≈# #≈≈.≈.
#SS≈≈≈≈# #≈≈≈≈≈
#≈S#≈≈≈# #≈≈≈≈≈
#≈#≈≈≈≈# #≈≈≈≈≈ #≈
S≈≈≈# #≈≈≈≈≈ #≈
≈≈≈≈# #≈≈≈≈≈ #≈
≈≈≈≈# #≈≈≈≈≈ #≈
S#≈≈# #≈≈≈≈≈


You could see 2 bullfrogs, an adder, a river rat and 6 ball pythons.

Vanquished Creatures
  An ogre (D:4)
  3 orc wizards (D:3)
  Natasha (D:3)
  4 river rats (Sewer)
  5 adders
  An adder skeleton (D:4)
  A worm (D:3)
  2 dart slugs (D:1)
  3 leopard geckos
  An orc (D:2)
  7 bats
  A giant cockroach (D:4)
  4 goblins (D:1)
  6 hobgoblins
  2 jackals (D:2)
  14 kobolds
  8 ball pythons (Sewer)
  4 frilled lizards
  27 rats
95 creatures vanquished.

Vanquished Creatures (others)
  5 toadstools (D:4)
5 creatures vanquished.

Grand Total: 100 creatures vanquished

Notes
Turn   | Place    | Note
-------+----------+-------------------------------------------
     0 | D:1      | Inarius the Demigod Ice Elementalist began the quest for the Orb.
     0 | D:1      | Reached XP level 1. HP: 14/14 MP: 5/5
   680 | D:1      | Reached XP level 2. HP: 20/20 MP: 2/7
   941 | D:1      | Reached skill level 3 in Ice Magic
  1376 | D:2      | Found an ancient bone altar of Kikubaaqudgha.
  1544 | D:2      | Reached XP level 3. HP: 22/27 MP: 0/9
  1697 | D:2      | Found a burning altar of Makhleb.
  1906 | D:3      | Reached skill level 1 in Armour
  1913 | D:3      | Learned a level 2 spell: Throw Frost
  2075 | D:3      | Reached skill level 1 in Fighting
  2075 | D:3      | Reached XP level 4. HP: 35/35 MP: 1/10
  2326 | D:3      | Found a sparkling altar of Nemelex Xobeh.
  2328 | D:3      | Found a sacrificial altar of Ru.
  2328 | D:3      | Found an iron altar of Okawaru.
  2329 | D:3      | Noticed Natasha
  2329 | D:3      | Reached skill level 1 in Conjurations
  2338 | D:3      | Killed Natasha
  2353 | D:3      | Found a shimmering altar of Xom.
  2353 | D:3      | Found an iron altar of Okawaru.
  2353 | D:3      | Found a shimmering altar of Xom.
  2487 | D:3      | Learned a level 4 spell: Throw Icicle
  2511 | D:3      | Found a shattered altar of Ashenzari.
  2601 | D:3      | Found a hazy altar of Hepliaklqana.
  2602 | D:3      | Found a shadowy altar of Dithmenos.
  2703 | D:3      | Reached XP level 5. HP: 37/40 MP: 1/12
  2942 | D:4      | Noticed Sigmund
  3318 | D:4      | Noticed an ogre
  3325 | D:4      | Killed an ogre
  3326 | D:4      | Found a hide-covered altar of Uskayaw.
  3386 | D:4      | Found a glowing drain.
  3395 | Sewer    | Entered a sewer
  3559 | Sewer    | Reached skill level 4 in Ice Magic
  3804 | Sewer    | Reached XP level 6. HP: 25/48 MP: 0/13
  4476 | Sewer    | HP: 1/48 [bullfrog (2)]
  4476 | Sewer    | Mangled by a river rat

Skill      XL: |  1  2  3  4  5 |
---------------+----------------+-----
Spellcasting   | 2 3 |  3.3
Ice Magic      | 3 4 |  4.1
Dodging        | 2 |  2.1
Armour         | 1 2 |  2.1
Fighting       | 1 2 |  2.0
Conjurations   | 1 |  1.6
Stealth        | |  1.7

Action                   |  1- 3 |  4- 6 || total
-------------------------+-------+-------++-------
Melee: Short sword       |    24 |   128 ||   152
       Dagger            |    34 |       ||    34
 Cast: Freeze            |    39 |    41 ||    80
       Throw Frost       |     8 |    41 ||    49
       Throw Icicle      |       |     7 ||     7
  Use: Scroll            |     4 |     5 ||     9
       Potion            |       |     2 ||     2
 Stab: Sleeping          |     2 |       ||     2
  Eat: Chunk             |     4 |    24 ||    28
Armor: Robe              |     3 |       ||     3
       Leather armour    |    15 |    74 ||    89
Dodge: Dodged            |    54 |   162 ||   216
